 Dungeon Crawl Stone Soup version 0.28.0 (webtiles) character file.

Game seed: 1251885049324495273

25 NoSkeletonsAllowed the Skirmisher (level 3, 0/29 HPs)
             Began as a Human Berserker on Feb 12, 2022.
             Was a Follower of Qazlal.
             Slain by an adder (3 damage)
             ... on level 2 of the Dungeon.
             The game lasted 00:06:37 (1497 turns).

NoSkeletonsAllowed the Skirmisher (Human Berserker) Turns: 1497, Time: 00:06:38

Health: 0/29       AC:  2    Str: 19    XL:     3   Next: 20%
Magic:  3/3        EV: 12    Int:  7    God:    Qazlal [*.....]
Gold:   0          SH:  1    Dex: 12    Spells: 2/2 levels left

rFire   + . .      SeeInvis .   a - +0 falchion
rCold   . . .      Faith    .   (no shield)
rNeg    . . .      Spirit   .   b - +0 animal skin
rPois   .          Reflect  .   (no helmet)
rElec   .          Harm     .   (no cloak)
rCorr   .          Rampage  .   (no gloves)
Will    .....                   (no boots)
Stlth   +.........              (no amulet)
HPRegen 0.09/turn               c - ring of protection from fire
MPRegen 0.08/turn               (no ring)

@: lethally poisoned (0 -> -8)
A: no striking features
a: Renounce Religion


You were on level 2 of the Dungeon.
You worshipped Qazlal.
Qazlal was aware of your devotion.
You visited 1 branch of the dungeon, and saw 2 of its levels.

Inventory:

Hand Weapons
 a - a +0 falchion (weapon)
 d - a +0 club
 e - a +0 club
 g - a +0 hunting sling
 j - a +0 dagger
Missiles
 f - 25 sling bullets
 h - 34 stones (quivered)
Armour
 b - a +0 animal skin (worn)
Jewellery
 c - a ring of protection from fire (left hand)
Scrolls
 i - a scroll of vulnerability {unknown}


   Skills:
 + Level 3.4 Fighting
 + Level 3.3 Long Blades
 + Level 2.2 Armour
 + Level 2.2 Dodging
 + Level 0.2 Stealth


You had 2 spell levels left.
You didn't know any spells.
Your spell library contained the following spells:

 Spells                   Type           Power      Damage    Failure   Level
 Scorch                   Fire           0%         2d5       56%         2
 Flame Wave               Conj/Fire      0%         2d4       99%         4
 Summon Cactus Giant      Summ           0%         N/A       100%        6


Dungeon Overview and Level Annotations

Branches:
Dungeon (2/15)

Altars:
Qazlal


Message History

The worm is severely wounded.
You barely miss the worm.
The worm is severely wounded.
The worm bites you!
You hit the worm but do no damage.
The worm is severely wounded.
The worm bites you but does no damage.
You hit the worm.
The worm is severely wounded.
You barely miss the worm.
The worm is severely wounded.
The worm bites you.
You hit the worm.
The worm is almost dead.
The worm bites you but does no damage.
You slash the worm!
You kill the worm!
Qazlal accepts your kill.
An adder comes into view.
Unknown command.
You close the door.
You start resting.
An adder is nearby!
An adder is nearby!
You hit the adder.
The adder is moderately wounded.
The adder bites you.
You are poisoned.
The adder poisons you! The adder barely misses you.
You closely miss the adder.
The adder is moderately wounded.
You feel sick. The adder closely misses you.
You feel sick. You block the adder's attack. The adder bites you.
* * * LOW HITPOINT WARNING * * *
You are lethally poisoned!
The adder poisons you!
There is a stone staircase leading up here.
* * * LOW HITPOINT WARNING * * *
You feel sick. The adder bites you.
You die...

###'#.#### ####.#
#........# #...#
##..8.⌠.8.####.###
##............#.##
#....⌠._.⌠.##....##
+.................#
#....8.⌠.8.##....##
##.........#....##
.. ##.@....###..###
#. ##.S.#.# #..# #.
##+##.###..# #.
#.##......# ##.##.
#.######.##
......#####.## #.#
#.....S.#####.#
#w##..........#
#.###...#.#####


You could see an adder.

Vanquished Creatures
  A worm (D:2)
  A ball python (D:1)
  6 endoplasms
  A giant cockroach (D:1)
  2 goblins (D:1)
  2 hobgoblins
  2 jackals (D:2)
  A quokka (D:1)
  A frilled lizard (D:1)
  A rat (D:1)
18 creatures vanquished.

Notes
Turn   | Place    | Note
-------+----------+-------------------------------------------
     0 | D:1      | NoSkeletonsAllowed the Human Berserker began the quest for
                  | the Orb.
     0 | D:1      | Reached XP level 1. HP: 18/18 MP: 1/1
   110 | D:1      | Reached XP level 2. HP: 24/24 MP: 2/2
   929 | D:2      | Found a faded altar of an unknown god.
  1127 | D:2      | Reached XP level 3. HP: 29/29 MP: 3/3
  1137 | D:2      | Prayed at the altar of an unknown god.
  1137 | D:2      | Fell from the grace of Trog
  1137 | D:2      | Became a worshipper of Qazlal Stormbringer
  1137 | D:2      | Reached * piety under Qazlal
  1497 | D:2      | Slain by an adder

Illustrated notes

Levels and vault maps discovered:
D:1:      psy_arrival_radial01, layout_basic
D:2:      layout_loops_corners, hellmonk_ecumenical_altar_dog_temple,
          roderic_serpentine_path, hangedman_abyss_or_decor_lesser_grid

Action                   || total
-------------------------++-------
Melee: Falchion          ||    57
 Stab: Sleeping          ||     1
Armor: Animal skin       ||     8
Dodge: Dodged            ||    22
Block: Other             ||     1
